 Dungeon Crawl Stone Soup version 0.27-a0-46-g34d46f0a3f (webtiles) character file.

Game seed: 3567586637200854612

3652 jasper the Cruncher (level 9, -4/124 HPs)
             Began as a Palentonga Enchanter on Jan 6, 2021.
             Was a Priest of Ashenzari.
             Killed by divine providence
             ... invoked by an orc priest
              (12 damage)
             ... on level 7 of the Dungeon.
             The game lasted 00:14:40 (9569 turns).

jasper the Cruncher (Palentonga Enchanter)          Turns: 9569, Time: 00:14:41

Health: -4/124     AC: 15    Str: 15    XL:     9   Next: 88%
Magic:  21/21      EV: 16    Int: 15    God:    Ashenzari [***...]
Gold:   216        SH:  0    Dex: 14    Spells: 5/12 levels left

rFire    + . .     SeeInvis +   q - +0 lajatang (curse)
rCold    . . .     Faith    .   (shield currently unavailable)
rNeg     . . .     Spirit   .   F - +1 leather armour of the Blacksmith {rElec rF+}
rPois    .         Reflect  .   (no helmet)
rElec    +         Harm     .   (no cloak)
rCorr    .         Rampage  .   y - +2 pair of gloves {Str+3}
Will     .....                  (no barding)
Stlth    ..........             (no amulet)
HPRegen  0.30/turn              g - ring of magical power
MPRegen  0.17/turn              h - +4 ring of evasion

@: berserking (expiring), curled up, very quick
A: large, rugged brown scales 3, see invisible, deformed body, roll 1, armoured
tail, reflexive curl
a: Rolling Charge, Renounce Religion, Curse Item, Scrying


You were on level 7 of the Dungeon.
You worshipped Ashenzari.
Ashenzari was most pleased with you.
You visited 2 branches of the dungeon, and saw 10 of its levels.

You collected 441 gold pieces.
You spent 225 gold pieces at shops.

Inventory:

Hand Weapons
 a - a +1 dagger
 i - a +1 dagger of venom
 q - a cursed +0 lajatang (weapon)
Armour
 b - a +0 robe
 p - a scarf of harm
 y - a +2 pair of gloves of strength (worn)
 F - the +1 leather armour of the Blacksmith (worn) {rElec rF+}
   (You found it on level 7 of the Dungeon)

   It protects you from fire.
   It insulates you from electricity.
Jewellery
 g - a ring of magical power (left hand)
 h - a +4 ring of evasion (right hand)
 s - an uncursed ring of flight
 w - an uncursed ring of ice
Wands
 k - a wand of random effects (14)
 x - a wand of digging (7)
Scrolls
 c - 7 scrolls of remove curse
 d - a scroll of magic mapping
 f - 4 scrolls of noise
 j - 3 scrolls of immolation
 m - a scroll of blinking
 t - 2 scrolls of fear
 v - a scroll of random uselessness
 z - 3 scrolls of enchant armour
 A - a scroll of teleportation
 B - a scroll of amnesia
Potions
 e - a potion of ambrosia
 l - a potion of cancellation
 n - a potion of magic
 r - 3 potions of curing
 u - 2 potions of attraction
 C - a potion of heal wounds {unknown}
 D - a potion of might {unknown}
 E - a potion of brilliance {unknown}
 G - a potion of degeneration {unknown}


   Skills:
 + Level 6.4 Fighting
 - Level 1.0 Short Blades
 * Level 8.3(12.1) Staves
 - Level 0.5 Armour
 + Level 5.6 Dodging
 + Level 5.4 Stealth
 - Level 2.0 Spellcasting
 - Level 3.0 Hexes


You had 5 spell levels left.
You knew the following spells:

 Your Spells              Type           Power        Failure   Level
a - Corona                Hex            11%          8%          1
b - Tukima's Dance        Hex            10%          24%         3
c - Confusing Touch       Hex            10%          24%         3

Your spell library contained the following spells:

 Spells                   Type           Power        Failure   Level
 Ensorcelled Hibernation  Hex/Ice        12%          22%         2
 Dazzling Flash           Conj/Hex       12%          41%         3
 Bolt of Magma            Conj/Fire/Erth 0%           100%        5
 Iskenderun's Battlesphe  Conj           1%           100%        5
 Iron Shot                Conj/Erth      0%           100%        6
 Orb of Destruction       Conj           0%           100%        7
 Spellforged Servitor     Conj/Summ      0%           100%        7


Dungeon Overview and Level Annotations

Branches:
Dungeon (9/15)             Temple (1/1) D:7
   Lair: D:8-11         Orc: D:9-12

Altars:
Ashenzari
Cheibriados
Dithmenos
Elyvilon
Fedhas
Gozag
Hepliaklqana
Kikubaaqudgha
Makhleb
Nemelex Xobeh
Okawaru
Ru
Sif Muna
Trog
Uskayaw
Vehumet
Wu Jian
Xom
Yredelemnul
Zin
The Shining One

Shops:
D:6 *}(*=


Innate Abilities, Weirdness & Mutations

You are completely covered in rugged brown scales. (AC +3, +7% HP)
You have supernaturally acute eyesight. (SInv)
Armour fits poorly on your strangely shaped body.
You can roll at nearby foes to attack.
You have a long armoured tail.
You curl defensively after being hit.


Message History

The orc hits you.
* * * LOW HITPOINT WARNING * * *
Things that are here:
a +0 dire flail; a +0 plate armour; an orc corpse You take 4 damage, and have 7/124 hp.
You completely miss the orc.
Your tail-slap misses the orc.
You barely miss the orc. The orc barely misses you.
You hit the orc.
The orc is heavily wounded.
The orc misses you.
You slash the orc!
You kill the orc!
You slash the adder zombie!
The adder zombie is severely damaged.
The adder zombie misses you.
You slice the adder zombie!!
You destroy the adder zombie!
The orc priest calls down the wrath of Beogh upon you.
Beogh smites you!
You die...

##
#........#
,, # #
####.....#
* # #
##....# * ,
,,,,, #
#...## , ,
, ,, ##..#
* , #..# **
, ,, #..# *
##.# * * *
* #@# ,* *
* #)## * *
* ##o.### *
,, *
##.....# ,
, #......##
*, , , *
##.......#
, ,
#........##
* , *
#......().#
*
#.........#
,


You could see an orc priest.

Vanquished Creatures
  A two-headed ogre (D:8)
  Prince Ribbit (D:8)
  2 orc warriors
  2 ice beasts
  A black bear (D:8)
  A sky beast (D:8)
  2 ogres
  An eye of draining (D:8)
  A centaur (D:8)
  2 big kobolds
  2 bullfrogs
  A scorpion (D:5)
  2 killer bees (D:6)
  2 howler monkeys
  13 wights (D:6)
  A bullfrog zombie (D:5)
  2 quasits
  A bullfrog skeleton (D:5)
  8 hounds
  A jelly (D:6)
  2 orc wizards (D:6)
  Jessica (D:2)
  An iguana (D:4)
  2 worker ants
  A hound zombie (D:5)
  2 hound skeletons
  A worker ant zombie (D:8)
  A howler monkey zombie (D:6)
  3 gnolls (D:6)
  14 adders
  A shadow imp (D:7)
  A white imp (D:6)
  2 ufetubi
  An ooze (D:4)
  An adder zombie (D:7)
  A worm (D:3)
  A dart slug (D:5)
  8 leopard geckos
  25 orcs
  A ball python (D:3)
  6 giant cockroaches
  9 goblins
  10 hobgoblins
  3 jackals (D:4)
  5 quokkas
  7 bats
  4 frilled lizards
  19 kobolds
  A quokka skeleton (D:4)
  8 rats
189 creatures vanquished.

Vanquished Creatures (others)
  A kobold (D:2)
1 creature vanquished.

Grand Total: 190 creatures vanquished

Notes
Turn   | Place    | Note
-------+----------+-------------------------------------------
     0 | D:1      | jasper the Palentonga Enchanter began the quest for the
                  | Orb.
     0 | D:1      | Reached XP level 1. HP: 14/14 MP: 3/3
   171 | D:1      | Reached XP level 2. HP: 22/23 MP: 3/5
   779 | D:1      | Reached skill level 1 in Fighting
  1180 | D:2      | Reached XP level 3. HP: 29/29 MP: 6/6
  1615 | D:2      | Found a broken altar of Ashenzari.
  1617 | D:2      | Noticed Jessica
  1624 | D:2      | Killed Jessica
  1625 | D:2      | Reached XP level 4. HP: 33/38 MP: 7/7
  2334 | D:3      | Found an opulent altar of Gozag.
  2432 | D:3      | Reached XP level 5. HP: 30/44 MP: 8/8
  2811 | D:2      | Became a worshipper of Ashenzari the Shackled
  3442 | D:4      | Reached skill level 1 in Staves
  3868 | D:4      | Reached XP level 6. HP: 45/53 MP: 9/9
  3986 | D:4      | Reached * piety under Ashenzari
  4114 | D:4      | Reached skill level 2 in Staves
  4592 | D:5      | Entered Level 5 of the Dungeon
  4816 | D:5      | Noticed an ice beast
  4839 | D:5      | Killed an ice beast
  4840 | D:5      | Reached skill level 3 in Staves
  4840 | D:5      | Gained mutation: You curl defensively after being hit.
                  | [Palentonga growth]
  4840 | D:5      | Reached XP level 7. HP: 40/60 MP: 10/10
  5229 | D:5      | Reached ** piety under Ashenzari
  6155 | D:6      | Found Vutzuram's Assorted Antiques.
  6162 | D:6      | Found Enoax's Antique Weapon Shop.
  6164 | D:6      | Bought a scroll of blinking for 225 gold pieces
  6198 | D:6      | Found Huwouc Poma's Jewellery Shoppe.
  6216 | D:6      | Reached skill level 4 in Staves
  6271 | D:6      | Found a shadowy altar of Dithmenos.
  6323 | D:6      | Reached XP level 8. HP: 38/70 MP: 11/11
  6648 | D:6      | Reached skill level 5 in Staves
  6753 | D:6      | Learned a level 3 spell: Tukima's Dance
  6757 | D:6      | Learned a level 3 spell: Confusing Touch
  6925 | D:6      | Found Komuim's Gadget Boutique.
  7113 | D:6      | Found Koqu's Assorted Antiques.
  7129 | D:6      | Reached skill level 5 in Fighting
  7269 | D:7      | Identified the +0 spear of the Sun {vorpal, +Fly}
  7270 | D:7      | Reached skill level 6 in Staves
  7562 | D:7      | Found a staircase to the Ecumenical Temple.
  7570 | Temple   | Entered the Ecumenical Temple
  8087 | D:7      | Reached XP level 9. HP: 66/79 MP: 12/12
  8177 | D:8      | Reached *** piety under Ashenzari
  8281 | D:8      | Noticed a two-headed ogre
  8290 | D:8      | Killed a two-headed ogre
  8291 | D:8      | Reached skill level 7 in Staves
  8291 | D:8      | Reached skill level 5 in Dodging
  8291 | D:8      | Reached skill level 5 in Stealth
  8668 | D:8      | Noticed Prince Ribbit
  8680 | D:8      | Killed Prince Ribbit
  9145 | D:9      | Reached skill level 8 in Staves
  9325 | D:7      | Got the uncursed leather armour of the Blacksmith {rElec
                  | rF+}
  9344 | D:6      | Identified the +1 leather armour of the Blacksmith {rElec
                  | rF+} (You found it on level 7 of the Dungeon)
  9569 | D:7      | Killed from afar by an orc priest

Illustrated notes

Levels and vault maps discovered:
D:1:      dpeg_arrival_round_c, layout_basic, hangedman_feature_mirror,
          solitary_fountain
D:2:      layout_loops_cross, evilmike_ruin_ashenzari, uniq_jessica
D:3:      wad_river_or_something, layout_rooms,
          nicolae_gozag_cash_rules_everything_around_me
D:4:      layout_layer_cave, st_stairs_10, minmay_goblin_kobold_house
D:5:      layout_cave_pods
D:6:      layout_gridville, basic_altar, serial_shops, nicolae_shop_trees,
          nicolae_shop_statue_plus, kennysheep_mini_moat, nicolae_shop_crystal,
          nicolae_shop_trees, st_stairs_3
D:7:      layout_cave_pods, minmay_temple_entry_wispy
D:8:      layout_cave_pools, uniq_prince_ribbit1
D:9:      layout_basic, lemuel_crystal_altar
Temple:   grunt_wide_crystal_templ

Skill      XL: |  1  2  3  4  5  6  7  8  9 |
---------------+----------------------------+-----
Fighting       | 1 2 3 4 5 6 |  6.4
Dodging        | 2 3 4 5 |  5.6
Stealth        | 3 4 5 |  5.4
Staves         | 1 3 4 6 8 |  8.3
Short Blades   | |  1.0
Armour         | |  0.5
Spellcasting   | |  2.0
Hexes          | |  3.0

Action                   |  1- 3 |  4- 6 |  7- 9 || total
-------------------------+-------+-------+-------++-------
Melee: Dagger            |   118 |    71 |       ||   189
       Tailslap          |     8 |    21 |    31 ||    60
       Lajatang          |       |   128 |   318 ||   446
 Cast: Corona            |     3 |       |     7 ||    10
Invok: Curse Item        |       |     1 |       ||     1
 Abil: Rolling Charge    |    12 |     3 |    27 ||    42
Evoke: Wand              |       |       |     1 ||     1
  Use: Potion            |     1 |     1 |     3 ||     5
       Scroll            |       |    11 |     6 ||    17
 Stab: Sleeping          |     1 |     6 |     3 ||    10
       Invisible         |       |       |     2 ||     2
       Distracted        |       |       |     2 ||     2
Armor: Robe              |    30 |    50 |    58 ||   138
       Skin              |       |     7 |       ||     7
       Leather armour    |       |       |     9 ||     9
Dodge: Dodged            |    77 |   178 |   286 ||   541

Table legend: (Time is in decaauts)
 A = Elapsed time spent in this place.
 B = Non-inter-level travel time spent in this place.
 C = Inter-level travel time spent in this place.
 D = Time resting spent in this place.
 E = Time spent auto-exploring this place.
 F = Levels seen in this place.
 G = Mean time per level.
                   A        B        C        D        E       F      G
               +--------+--------+--------+--------+--------+-----+--------+
         Total |   9605 |   9237 |    368 |   1911 |   5826 |  10 |  960.5 |
       Dungeon |   9484 |   9127 |    357 |   1911 |   5718 |   9 | 1053.8 |
        Temple |    120 |    109 |     11 |      0 |    108 |   1 |  120.0 |
               +--------+--------+--------+--------+--------+-----+--------+

Top non-repeatable levels by time:
     D:6: 1540 daAuts
     D:5: 1522 daAuts
     D:4: 1458 daAuts
     D:3: 1172 daAuts
     D:1: 1153 daAuts
     D:2: 1122 daAuts
     D:8: 1019 daAuts
     D:7: 372 daAuts
     D:9: 121 daAuts
  Temple: 120 daAuts
